 Dungeon Crawl Stone Soup version 0.26.0-3-g156281e41b (webtiles) character file.

Game seed: 7252821954390118188

63 Acheron the Sneak (level 4, 0/36 HPs)
             Began as a Merfolk Delver on Jan 9, 2021.
             Slain by a scorpion (5 damage)
             ... on level 5 of the Dungeon.
             The game lasted 00:08:06 (2140 turns).

Acheron the Sneak (Merfolk Delver)                  Turns: 2140, Time: 00:08:07

Health: 0/36       AC:  3    Str: 12    XL:     4   Next: 9%
Magic:  4/4        EV: 13    Int: 10    God:
Gold:   102        SH:  0    Dex: 15    Spells: 3/3 levels left

rFire    . . .     SeeInvis .   a - +1 spear
rCold    . . .     Faith    .   (no shield)
rNeg     . . .     Spirit   .   b - +0 leather armour
rPois    .         Reflect  .   (no helmet)
rElec    .         Harm     .   (no cloak)
rCorr    .         Rampage  .   (no gloves)
Will     .....                  (no boots)
Stlth    +++.......             (no amulet)
HPRegen  0.12/turn              (no ring)
MPRegen  0.09/turn              (no ring)

@: lethally poisoned (0 -> -5), hasted, very quick
A: change form in water, swift swim, stealthy swim
a: no special abilities


You were on level 5 of the Dungeon.
You visited 1 branch of the dungeon, and saw 6 of its levels.

You collected 102 gold pieces.

Inventory:

Hand Weapons
 a - a +1 spear (weapon)
 r - a cursed -3 rapier
Missiles
 i - 46 stones (quivered)
 o - 14 sling bullets
Armour
 b - a +0 leather armour (worn)
 f - a +2 scale mail of positive energy
Jewellery
 j - a +6 ring of dexterity {unknown}
Wands
 g - a wand of digging (3)
Scrolls
 c - 2 scrolls of fog
 d - 2 scrolls of magic mapping
 e - a scroll of fear
 k - a scroll of identify
 l - 3 scrolls of teleportation
 q - a scroll of immolation {unknown}
Potions
 h - a potion of attraction {unknown}
 m - 4 potions of brilliance
 n - a potion of curing {unknown}


   Skills:
 * Level 3.6 Fighting
 * Level 4.1 Polearms
 * Level 0.6 Armour
 * Level 3.0 Dodging
 * Level 5.9 Stealth
 * Level 0.3 Spellcasting
 * Level 0.9 Evocations


You had 3 spell levels left.
You didn't know any spells.
Your spell library was empty.

Dungeon Overview and Level Annotations

Branches:
Dungeon (6/15)
 Temple: D:4-7

Altars:
Qazlal

Annotations:
D:3 Natasha
D:5 Pikel


Message History

The scorpion is severely wounded.
You feel sick. The scorpion barely misses you.
You closely miss the scorpion.
The scorpion is severely wounded.
You feel sick.
You hit the scorpion.
The scorpion is severely wounded.
You feel sick. The scorpion barely misses you.
You hit the scorpion but do no damage.
The scorpion is severely wounded.
The scorpion stings you!
* * * LOW HITPOINT WARNING * * *
* * * LOW HITPOINT WARNING * * *
You feel sick.
* * * LOW HITPOINT WARNING * * *
You feel sick.
* * * LOW HITPOINT WARNING * * *
You feel sick.
You feel yourself speed up. The scorpion stings you.
You die...

#..# ..# ..# ....... ..#
........# ..# ........#
..# ........# ..#
....... ..####+
#...##########
####...####.....@......#
#......#......#s.....#
#......#......#......#
#....>.#......#......#
#......#......#......#
#......'......#.)....#
#......#.†....#......#
#......#......#......#
######################


You could see a scorpion.

Vanquished Creatures
  A gnoll (D:3)
  An ooze (D:3)
  5 dart slugs (D:1)
  A leopard gecko (D:5)
  4 giant cockroaches
  4 goblins
  6 hobgoblins
  A jackal (D:1)
  3 kobolds
  A ball python (D:5)
  3 bats
  A frilled lizard (D:1)
  A quokka zombie (D:5)
  3 rats
35 creatures vanquished.

Notes
Turn   | Place    | Note
-------+----------+-------------------------------------------
     0 | D:5      | Acheron the Merfolk Delver began the quest for the Orb.
     0 | D:5      | Reached XP level 1. HP: 18/18 MP: 1/1
    42 | D:5      | Noticed Pikel
    42 | D:5      | Noticed a lemure
   117 | D:5      | Noticed a worker ant
   123 | D:5      | Noticed a lemure
   123 | D:5      | Found a stormy altar of Qazlal.
   439 | D:1      | Reached XP level 2. HP: 9/24 MP: 2/2
   942 | D:1      | Reached XP level 3. HP: 27/29 MP: 3/3
  1645 | D:3      | Reached XP level 4. HP: 32/36 MP: 4/4
  1896 | D:3      | Noticed Natasha
  1919 | D:3      | You fall into a shaft and drop 3 floors!
  2140 | D:5      | Slain by a scorpion

Illustrated notes

Levels and vault maps discovered:
D:1:      lemuel_arrival_room, layout_loops_cross, minmay_pentomino_s2
D:2:      layout_loops_ring, kennysheep_generic_room_6
D:3:      layout_basic, nicolae_overflow_crystal_walls, bh_walls_and_bars,
          uniq_natasha
D:4:      cheibrodos_helix_gallery, layout_basic, lemuel_round_altar,
          serial_shops, shop_statue, grunt_decor_resistance, uniq_blork_the_orc,
          uniq_sigmund
D:5:      layout_gridville, nicolae_qazlal_general_emergency, minmay_crossroads,
          uniq_grinder, uniq_menkaure, uniq_pikel
D:6:      layout_basic, minmay_temple_entry_water_ring

Skill      XL: |  1  2  3 |
---------------+----------+-----
Dodging        | 3 |  3.0
Polearms       | 4 |  4.1
Fighting       | |  3.6
Armour         | |  0.6
Stealth        | |  5.9
Spellcasting   | |  0.3
Evocations     | |  0.9

Action                   |  1- 3 |  4- 6 || total
-------------------------+-------+-------++-------
Melee: Spear             |   139 |    21 ||   160
Throw: Stone             |     2 |       ||     2
  Use: Potion            |     1 |     1 ||     2
       Scroll            |     7 |       ||     7
 Stab: Sleeping          |     7 |     1 ||     8
Armor: Leather armour    |    24 |       ||    24
Dodge: Dodged            |    89 |    12 ||   101
